 Dungeon Crawl Stone Soup version 0.20-a0-217-g17e8ceb (webtiles) character file.

49 Karnivor the Digger (level 3, -2/19 HPs)
             Began as a Gargoyle Earth Elementalist on Nov 28, 2016.
             Slain by a worm (8 damage)
             ... on level 2 of the Dungeon.
             The game lasted 00:08:10 (1735 turns).

Karnivor the Digger (Gargoyle Earth Elementalist)   Turns: 1735, Time: 00:08:10

Health: -2/19      AC:  6    Str: 11    XL:     3   Next: 75%
Magic:  0/7        EV: 12    Int: 16    God:
Gold:   43         SH:  0    Dex: 10    Spells: 3/7 levels left

rFire  . . .     SeeInvis .     j - -3 whip (curse)
rCold  . . .     Gourm    .     c - +1 robe
rNeg   + . .     Faith    .     (no shield)
rPois  ∞         Spirit   .     (no helmet)
rElec  +         Reflect  .     (no cloak)
rCorr  .         Harm     .     (no gloves)
MR     .....                    (no boots)
Stlth  ++........               (no amulet)
                                (no ring)
                                (no ring)

@: no status effects
A: negative energy resistance 1, electricity resistance, unbreathing,
petrification resistance, rot immunity, AC +3
a: no special abilities


You were on level 2 of the Dungeon.
You were not hungry.

You visited 1 branch of the dungeon, and saw 2 of its levels.

You collected 43 gold pieces.

Inventory:

Hand Weapons
 j - a cursed -3 whip (weapon)
Missiles
 b - 38 stones (quivered)
Armour
 c - a +1 robe (worn)
Scrolls
 g - a scroll of enchant armour
Potions
 f - 2 potions of lignification {unknown}
 h - a potion of brilliance {unknown}
 i - a potion of haste {unknown}
 m - a potion of flight {unknown}
 n - a potion of curing {unknown}
Books
 e - a book of Geomancy

   Spells                             Type                      Level
   a - Sandblast                      Earth                        1
   b - Passwall                       Transmutation/Earth          2
   c - Stone Arrow                    Conjuration/Earth            3
   d - Petrify                        Transmutation/Earth          4
   e - Lee's Rapid Deconstruction     Earth                        5
Comestibles
 d - a bread ration
 l - a chunk of flesh


   Skills:
 - Level 1.5 Dodging
 - Level 2.1 Stealth
 + Level 2.8 Spellcasting
 + Level 1.2 Conjurations
   Level 0.7 Transmutations
 + Level 4.4 Earth Magic


You had 3 spell levels left.
You knew the following spells:

 Your Spells              Type           Power        Failure   Level  Hunger
a - Sandblast             Erth           ###...       3%          1    #......
b - Stone Arrow           Conj/Erth      ##....       17%         3    ###....


Dungeon Overview and Level Annotations

Branches:
Dungeon (2/15)

Altars:


Innate Abilities, Weirdness & Mutations

You are resistant to torment.
Your stone body is resilient. (AC +3)
You are immune to poison.
You resist negative energy. (rN+)
You are resistant to electric shocks. (rElec)
You can survive without breathing.
You are immune to petrification.
You are immune to rotting.


Message History

Press: ? - help, Shift-Dir - straight line, f/p - worm
Aim: a worm (moderately wounded)
The blast of sand hits the worm.
The worm is heavily wounded.
A frilled lizard comes into view.
The frilled lizard moves out of view.
You hit the worm but do no damage.
The worm is moderately wounded.
The worm bites you.
You hit the worm.
The worm is heavily wounded.
Casting: Sandblast
Confirm with . or Enter, or press ? or * to list all spells.
Aiming: Sandblast
Press: ? - help, Shift-Dir - straight line, f/p - worm
Aim: a worm (heavily wounded)
The blast of sand hits the worm.
The worm is almost dead.
The worm bites you!
You die...

# #.. ##. #..#.# #!#.. #.. #..#.#
.?#.# #.# #..#.### ....# #.#
#......# #†# #.# ######......#
#.# #.# #............ ###w# #.#
#.####....... ....#
#.#########...l........
#.#########....w@.......#####....
#................#####..## ##...
################## #...#####.##
#........... #.........##
###########


You could see a worm.

Vanquished Creatures
  An adder (D:2)
  2 worms (D:1)
  2 dart slugs (D:1)
  A leopard gecko (D:1)
  A ball python (D:1)
  A bat (D:1)
  3 giant cockroaches (D:1)
  4 goblins
  A hobgoblin (D:1)
  5 kobolds
  A quokka (D:2)
  2 frilled lizards (D:2)
  4 rats
28 creatures vanquished.

Notes
Turn   | Place    | Note
-------+----------+-------------------------------------------
     0 | D:1      | Karnivor the Gargoyle Earth Elementalist began the quest for the Orb.
     0 | D:1      | Reached XP level 1. HP: 10/10 MP: 3/3
     0 | D:1      | Noticed a white draconian
     1 | D:1      | Noticed an iron dragon
     3 | D:1      | Noticed a large abomination
     3 | D:1      | Noticed an orb of fire
     5 | D:1      | Noticed a large abomination
     6 | D:1      | Noticed an iron dragon
     7 | D:1      | Noticed a large abomination
    10 | D:1      | Noticed an iron dragon
    10 | D:1      | Noticed a large abomination
    12 | D:1      | Noticed an iron dragon
    12 | D:1      | Noticed a tentacled monstrosity
    15 | D:1      | Noticed a tentacled monstrosity
    15 | D:1      | Noticed an ice dragon
    17 | D:1      | Noticed a large abomination
    17 | D:1      | Noticed a shadow dragon
    20 | D:1      | Noticed a large abomination
    20 | D:1      | Noticed a red draconian
   500 | D:1      | Reached skill level 4 in Earth Magic
   500 | D:1      | Reached XP level 2. HP: 15/15 MP: 0/5
  1179 | D:1      | Reached XP level 3. HP: 18/19 MP: 0/6
  1308 | D:1      | Learned a level 3 spell: Stone Arrow
  1695 | D:2      | Reached skill level 1 in Conjurations
  1735 | D:2      | Slain by a worm

Vault maps used:
D:1:      shiori_arrival_whats_in_store_for_you, kennysheep_boxes
D:2:      minmay_split_cup_large

Skill      XL: |  1  2  3 |
---------------+----------+-----
Earth Magic    | 4 |  4.4
Conjurations   | 1 |  1.2
Dodging        | |  1.5
Stealth        | |  2.1
Spellcasting   | |  2.8
Transmutations | |  0.7

Action                   || total
-------------------------++-------
Melee: Unarmed           ||    15
       Short sword       ||    23
       Whip              ||    36
 Cast: Sandblast         ||    49
  Use: Scroll            ||     3
 Stab: Sleeping          ||     2
  Eat: Chunk             ||     3
Armor: Robe              ||    33
Dodge: Dodged            ||    74
